 Dungeon Crawl Stone Soup version 0.27.1-1-g398f81649c (webtiles) character file.

Game seed: 168343304010635465

6419 aster the Cleaver (level 10, -5/83 HPs)
             Began as a Hill Orc Fighter on Sept 9, 2021.
             Was a Believer of Qazlal.
             Slain by a 15-headed hydra (8 damage)
             ... on level 1 of the Lair of Beasts.
             The game lasted 00:30:04 (11014 turns).

aster the Cleaver (Hill Orc Fighter)               Turns: 11014, Time: 00:30:05

Health: -5/83      AC: 21    Str: 23    XL:     10   Next: 98%
Magic:  2/16       EV:  7    Int:  8    God:    Qazlal [**....]
Gold:   559        SH: 15    Dex: 10    Spells: 9/9 levels left

rFire    . . .     SeeInvis .   a - +2 war axe (freeze)
rCold    . . .     Faith    +   c - +1 kite shield
rNeg     . . .     Spirit   .   l - +3 chain mail
rPois    .         Reflect  .   I - +0 hat
rElec    .         Harm     .   (no cloak)
rCorr    .         Rampage  +   (no gloves)
Will     .....                  r - +2 pair of boots {rampage}
Stlth    ..........             J - amulet of faith
HPRegen  0.23/turn              i - +4 ring of protection
MPRegen  0.15/turn              (no ring)

@: no status effects
A: no striking features
a: Renounce Religion, Upheaval


You were on level 1 of the Lair of Beasts.
You worshipped Qazlal.
Qazlal was pleased with you.
You visited 3 branches of the dungeon, and saw 12 of its levels.
You also visited: Ossuary.

You collected 634 gold pieces.
You spent 75 gold pieces at shops.

Inventory:

Hand Weapons
 a - a +2 war axe of freezing (weapon)
 b - a +3 hand axe of electrocution
 B - a +0 broad axe
 N - the +9 trident of the Fifty Defenders {vorpal, *Corrode rElec rC+ Int+4}
   (You found it on level 10 of the Dungeon)

   It inflicts extra damage upon your enemies.
   Int:       It affects your intelligence (+4).
   rC:        It protects you from cold.
   rElec:     It insulates you from electricity.
   *Corrode:  It may corrode you when you take damage.
Missiles
 n - 183 stones (quivered)
 C - 5 datura-tipped darts
 L - 11 poisoned darts
Armour
 c - a +1 kite shield (worn)
 g - a +0 plate armour
 l - a +3 chain mail (worn)
 r - a +2 pair of boots of rampaging (worn)
 F - a +2 pair of boots
 I - a +0 hat (worn)
Jewellery
 i - a +4 ring of protection (left hand)
 w - a ring of wizardry
 J - an amulet of faith (around neck)
Wands
 k - a wand of polymorph (3)
 m - a wand of iceblast (30)
 o - a wand of mindburst (13)
 x - a wand of acid (8)
 y - a wand of charming (6)
 D - a wand of digging (3)
 G - a wand of flame (17)
Scrolls
 u - 7 scrolls of teleportation
 v - a scroll of blinking
 A - 2 scrolls of amnesia
 K - a scroll of magic mapping
 M - a scroll of identify
Potions
 d - 3 potions of might
 e - 3 potions of brilliance
 f - a potion of invisibility
 h - 3 potions of curing
 j - 2 potions of flight
 p - a potion of resistance
 q - a potion of lignification
 s - 3 potions of magic
 t - a potion of cancellation
 z - a potion of heal wounds


   Skills:
 - Level 6.0 Fighting
 * Level 13.6 Axes
 + Level 7.7 Armour
 + Level 8.8 Shields
 * Level 8.1 Invocations


You had 9 spell levels left.
You didn't know any spells.
Your spell library contained the following spells:

 Spells                   Type           Power      Damage    Failure   Level
 Foxfire                  Conj/Fire      0%         2x1d4     99%         1
 Magic Dart               Conj           0%         1d3       99%         1
 Sting                    Tmut/Pois      0%         1d3       99%         1
 Corpse Rot               Necr/Air       N/A        N/A       100%        2
 Ensorcelled Hibernation  Hex/Ice        0%         N/A       100%        2
 Poisonous Vapours        Pois/Air       0%         N/A       100%        2
 Searing Ray              Conj           0%         3d3       100%        2
 Conjure Flame            Conj/Fire      0%         6-21      100%        3
 Inner Flame              Hex/Fire       0%         N/A       100%        3
 Spider Form              Tmut/Pois      0%         N/A       100%        3
 Fulminant Prism          Conj/Hex       0%         3d6       100%        4
 Olgreb's Toxic Radiance  Pois           0%         N/A       100%        4
 Freezing Cloud           Conj/Ice/Air   0%         6-21      100%        5
 Shadow Creatures         Summ           N/A        N/A       100%        6


Dungeon Overview and Level Annotations

Branches:
Dungeon (10/15)            Temple (1/1) D:5            Lair (1/6) D:9
Ossuary (visited)
    Orc: D:9-12

Altars:
Ashenzari
Cheibriados
Dithmenos
Elyvilon
Fedhas
Gozag
Hepliaklqana
Kikubaaqudgha
Makhleb
Nemelex Xobeh
Okawaru
Qazlal
Ru
Sif Muna
Trog
Uskayaw
Vehumet
Wu Jian
Xom
Yredelemnul
Zin
The Shining One

Shops:
D:3 *   D:6 !   D:9 *

Annotations:
D:4 3 runed translucent doors, a11behringer's ghost, amateur FoFi; caitlindye's ghost, amateur HOFi; silentkaos13's ghost, amateur DsGl


Message History

The 13-headed hydra closely misses you.
You don't have enough magic at the moment.
The 13-headed hydra bites you but does no damage. x2
You block the 13-headed hydra's attack. x2
The 13-headed hydra bites you but does no damage.
You block the 13-headed hydra's attack.
The 13-headed hydra bites you but does no damage. x2
You block the 13-headed hydra's attack. x2; The 13-headed hydra bites you.
* * * LOW HITPOINT WARNING * * *
The 13-headed hydra bites you but does no damage.
The 13-headed hydra bites you.
* * * LOW HITPOINT WARNING * * *
You hack one of the 13-headed hydra's heads off!
The 12-headed hydra grows two more!
You slice the 14-headed hydra!! You freeze the 14-headed hydra!
The 14-headed hydra is almost dead.
You completely miss the 14-headed hydra.
The 14-headed hydra is almost dead.
The 14-headed hydra is no longer moving slowly.
You block the 14-headed hydra's attack. The 14-headed hydra bites you.
* * * LOW HITPOINT WARNING * * *
You block the 14-headed hydra's attack.
The 14-headed hydra bites you but does no damage.
You block the 14-headed hydra's attack. The 14-headed hydra misses you.
The 14-headed hydra bites you but does no damage. x2
You block the 14-headed hydra's attack. x2
The 14-headed hydra bites you but does no damage.
The 14-headed hydra completely misses you.
The 14-headed hydra bites you.
* * * LOW HITPOINT WARNING * * *
The 14-headed hydra bites you but does no damage.
You slice one of the 14-headed hydra's heads off!
The 13-headed hydra grows two more!
You slash the 15-headed hydra! You freeze the 15-headed hydra.
The 15-headed hydra is almost dead.
The 15-headed hydra bites you but does no damage.
The 15-headed hydra barely misses you.
You block the 15-headed hydra's attack. x3
The 15-headed hydra bites you but does no damage.
The 15-headed hydra bites you!
You die...

#.≈≈≈≈≈≈≈.....
#..≈≈≈≈≈≈≈≈.P.
#.≈≈≈≈≈≈≈≈≈≈)^
#.≈≈≈...≈≈≈.#.
#≈≈≈≈≈<≈≈≈≈≈.#
#≈≈≈≈..≈≈≈≈.## #
#.≈≈≈≈≈≈≈≈≈...
##.##.#D§°≈≈≈≈≈≈≈...
...(((.@≈.≈≈≈≈≈.≈###
..#####.....≈≈..##
#####≈###P# ### ##


You could see a 15-headed hydra.

Vanquished Creatures
  A two-headed ogre (D:10)
  Joseph (D:8)
  Maggie (D:6)
  A troll (D:7)
  Grinder (D:3)
  4 yaks (D:10)
  Sigmund (D:3)
  A steam dragon (D:7)
  A water moccasin (D:6)
  A black bear (D:7)
  An ice beast (D:6)
  An ogre (D:5)
  5 orc warriors
  A phantom (D:5)
  5 centaurs
  A kobold brigand (D:10)
  A gnoll sergeant (D:9)
  4 bullfrogs
  A wyvern zombie (D:8)
  A scorpion (D:4)
  7 killer bees
  4 wights (D:8)
  A howler monkey (D:4)
  4 centaur zombies
  3 bullfrog zombies
  A jelly (D:6)
  2 hounds
  7 orc priests
  A gnoll shaman (D:7)
  3 iguanas
  Terence (D:2)
  10 orc wizards
  A hound skeleton (D:4)
  6 mummies (Ossuary)
  9 gnolls
  2 howler monkey zombies
  5 adders
  3 white imps
  3 worms
  3 dart slugs
  24 orcs
  9 ball pythons
  6 bats
  3 endoplasms
  5 giant cockroaches
  17 goblins
  7 hobgoblins
  4 jackals
  15 kobolds
  A quokka (D:2)
  3 hobgoblin zombies (Ossuary)
  6 rats
210 creatures vanquished.

Vanquished Creatures (others)
  4 withered plants (D:4)
4 creatures vanquished.

Grand Total: 214 creatures vanquished

Notes
Turn   | Place    | Note
-------+----------+-------------------------------------------
     0 | D:1      | aster the Hill Orc Fighter began the quest for the Orb.
     0 | D:1      | Reached XP level 1. HP: 19/19 MP: 1/1
    18 | D:1      | Reached skill level 3 in Axes
    44 | D:1      | Reached XP level 2. HP: 25/27 MP: 2/2
   882 | D:2      | Found a shadowy altar of Dithmenos.
   906 | D:2      | Reached XP level 3. HP: 30/33 MP: 3/3
  1088 | D:2      | Reached skill level 4 in Axes
  1388 | D:2      | Reached XP level 4. HP: 40/40 MP: 4/4
  1390 | D:2      | Found a faded altar of an unknown god.
  1730 | D:3      | Noticed Terence
  1730 | D:3      | Noticed Grinder
  1808 | D:2      | Killed Terence
  2025 | D:3      | Killed Grinder
  2026 | D:3      | Reached skill level 5 in Fighting
  2026 | D:3      | Reached skill level 6 in Axes
  2026 | D:3      | Reached XP level 5. HP: 29/48 MP: 5/5
  2026 | D:3      | Reached XP level 6. HP: 34/56 MP: 6/6
  2192 | D:3      | Found an opulent altar of Gozag.
  2196 | D:3      | Found Gozag's Platinum Reserve.
  2249 | D:3      | Noticed Sigmund
  2312 | D:3      | Killed Sigmund
  2313 | D:3      | Reached skill level 7 in Axes
  2313 | D:3      | Reached skill level 5 in Shields
  2313 | D:3      | Reached XP level 7. HP: 42/61 MP: 7/7
  2732 | D:3      | Found an iron altar of Okawaru.
  3377 | D:4      | Found a runed translucent gate.
  3377 | D:4      | Found a runed translucent gate.
  3377 | D:4      | Found a runed translucent gate.
  3377 | D:4      | Noticed caitlindye's ghost (amateur HOFi)
  3378 | D:4      | Noticed a11behringer's ghost (amateur FoFi)
  3378 | D:4      | Noticed silentkaos13's ghost (amateur DsGl)
  3392 | D:4      | Reached skill level 8 in Axes
  4047 | D:5      | Entered Level 5 of the Dungeon
  4079 | D:5      | Reached XP level 8. HP: 66/70 MP: 8/8
  4146 | D:5      | Found a sand-covered staircase.
  4152 | Ossuary  | Entered an ossuary
  4354 | Ossuary  | Reached skill level 9 in Axes
  4713 | D:5      | Found a staircase to the Ecumenical Temple.
  4718 | Temple   | Entered the Ecumenical Temple
  4981 | Temple   | Became a worshipper of Qazlal Stormbringer
  5624 | D:6      | Found Ympe's Distillery.
  5643 | D:6      | Reached skill level 10 in Axes
  5723 | D:6      | Bought a potion of heal wounds for 75 gold pieces
  5762 | D:6      | Reached skill level 5 in Armour
  5791 | D:6      | Noticed Maggie
  5803 | D:6      | Killed Maggie
  5804 | D:6      | Reached XP level 9. HP: 72/75 MP: 9/9
  6145 | D:6      | Reached skill level 11 in Axes
  6184 | D:6      | Found a shimmering altar of Xom.
  6654 | D:7      | Reached * piety under Qazlal
  6657 | D:7      | Reached skill level 1 in Invocations
  7478 | D:7      | Noticed a troll
  7487 | D:7      | Killed a troll
  7488 | D:7      | Reached skill level 12 in Axes
  8044 | D:8      | Noticed Joseph
  8066 | D:8      | Killed Joseph
  8067 | D:8      | Reached skill level 5 in Invocations
  8067 | D:8      | Reached XP level 10. HP: 71/83 MP: 13/13
  9159 | D:9      | Found Neunebet's Assorted Antiques.
  9172 | D:9      | Found a hazy altar of Hepliaklqana.
  9191 | D:9      | Reached ** piety under Qazlal
  9962 | D:9      | Found a staircase to the Lair.
 10104 | D:10     | Entered Level 10 of the Dungeon
 10293 | D:10     | Noticed a two-headed ogre
 10309 | D:10     | Killed a two-headed ogre
 10310 | D:10     | Reached skill level 13 in Axes
 10586 | D:10     | Identified the +9 trident of the Fifty Defenders {vorpal,
                  | *Corrode rElec rC+ Int+4}
 10989 | Lair:1   | Entered Level 1 of the Lair of Beasts
 10995 | Lair:1   | Noticed a six-headed hydra
 11013 | Lair:1   | HP: 4/83 [14-headed hydra (3)]
 11014 | Lair:1   | Slain by a 15-headed hydra

Illustrated notes

Levels and vault maps discovered:
D:1:      dpeg_arrival_tiny_a, layout_basic, minmay_small_reverse_x
D:2:      layout_loops_cross, hellmonk_ecumenical_altar_slurped_away,
          basic_altar
D:3:      kennysheep_the_goblin_king, layout_rooms,
          nicolae_gozag_zags_fifth_avenue, kennysheep_okawaru_gauntlet,
          uniq_terence, uniq_sigmund, uniq_grinder
D:4:      layout_basic, gammafunk_ghost_cemetery, minmay_distorted
D:5:      layout_rooms, temple_doors_ab, nicolae_ossuary_entry_plus,
          lemuel_old_faithful
D:6:      layout_loops_cross, marbit_many_paths, serial_shops,
          nicolae_shop_waterfront, st_stairs_12, uniq_maggie
D:7:      layout_loops_corners
D:8:      layout_basic, uniq_joseph
D:9:      layout_roguey, mainiacjoe_overflow_boulevard, lair_entry_dummy,
          serial_shops, nicolae_shop_crystal
D:10:     layout_roguey, minmay_misc_feat_roman, hangedman_decor_slide_cut,
          minmay_door_square
Temple:   dpeg_five_rooms_temple
Lair:1:   layout_cave_pods, worms_lemuel, infiniplex_staircase_pool_2,
          grunt_megastairs_2, lemuel_fruit_fields, uniq_gastronok

Skill      XL: |  1  2  3  4  5  6  7  8  9 10 |
---------------+-------------------------------+-----
Axes           | 3 4 6 7 8 10 12 13 | 13.6
Fighting       | 4 5 6 |  6.0
Shields        | 4 5 7 8 |  8.8
Armour         | 5 6 7 |  7.7
Invocations    | 5 8 |  8.1

Action                   |  1- 3 |  4- 6 |  7- 9 | 10-12 || total
-------------------------+-------+-------+-------+-------++-------
Melee: War axe           |   101 |    14 |       |   154 ||   269
       Hand axe          |       |    23 |   423 |    38 ||   484
       Unarmed           |       |     7 |       |       ||     7
Throw: Stone             |       |       |    19 |     7 ||    26
Invok: Upheaval          |       |       |       |     4 ||     4
  Use: Scroll            |       |     2 |    15 |     4 ||    21
       Potion            |       |     1 |     2 |       ||     3
Armor: Scale mail        |    16 |       |       |       ||    16
       Plate armour      |    55 |    17 |   162 |       ||   234
       Chain mail        |       |       |    30 |   107 ||   137
Dodge: Dodged            |    22 |     9 |    57 |    49 ||   137
Block: Kite shield       |    44 |    13 |   201 |   157 ||   415
